 Dungeon Crawl Stone Soup version 0.29.1 (webtiles) character file.

Game seed: 5353428086759216315

11687 groovy9 the Grappler (level 11, -1/100 (111) HPs)
             Began as a Troll Fighter on Sept 12, 2022.
             Was a Priest of Wu Jian.
             Slain by a spectral orc warrior
             ... wielding a +0 trident of venom
             ... summoned by Nergalle
              (9 damage)
             ... on level 2 of the Lair of Beasts on Sept 13, 2022.
             The game lasted 00:41:04 (11579 turns).

groovy9 the Grappler (Troll Fighter)               Turns: 11579, Time: 00:41:05

HP:   -1/100 (111)  AC: 15    Str: 36    XL:     11   Next: 52%
MP:   10/10         EV:  8    Int: 10    God:    Wu Jian [***...]
Gold: 667           SH:  7    Dex:  7    Spells: 10/10 levels left

rFire   . . .      SeeInvis .     - Unarmed
rCold   + . .      Faith    .   g - -2 kite shield of the Countless Cities {Will+ Str+4 Int+2}
rNeg    . . .      Spirit   .   n - +0 steam dragon scales
rPois   .          Reflect  .   H - +2 hat
rElec   .          Harm     .   o - +1 cloak
rCorr   .          Rampage  .   (gloves unavailable)
Will    +....                   (boots unavailable)
Stlth   +.........              (no amulet)
HPRegen 1.06/turn               j - +6 ring of strength
MPRegen 0.12/turn               D - ring of Xieptusi {+Blink rC+ AC+4 Dex-2}

@: lethally poisoned (-1 -> -2), spiked, drained
A: large, unfitting armour, claws 3, regeneration 1, shaggy fur 1, tough skin 1
a: Renounce Religion, Evoke Blink, Wall Jump, Serpent's Lash


You were on level 2 of the Lair of Beasts.
You worshipped Wu Jian.
Wu Jian was most pleased with you.
You visited 3 branches of the dungeon, and saw 13 of its levels.
You also visited: Ossuary.

You collected 667 gold pieces.

Inventory:

Missiles
 t - a throwing net
 y - 3 curare-tipped darts
 A - 4 boomerangs (quivered)
 I - 2 large rocks
Armour
 g - the -2 kite shield of the Countless Cities (worn) {Will+ Str+4 Int+2}
   (You acquired it on level 5 of the Dungeon)

   Str:       It affects your strength (+4).
   Int:       It affects your intelligence (+2).
   Will:      It increases your willpower.
 n - +0 steam dragon scales (worn)
 o - a +1 cloak (worn)
 H - a +2 hat (worn)
Jewellery
 f - a +6 ring of dexterity
 j - a +6 ring of strength (left claw)
 l - a ring of protection from fire
 D - the ring of Xieptusi (right claw) {+Blink rC+ AC+4 Dex-2}
   (You found it on level 10 of the Dungeon)

   [ring of protection]

   AC:        It affects your AC (+4).
   Dex:       It affects your dexterity (-2).
   rC:        It protects you from cold.
   +Blink:    It lets you blink.
Wands
 p - a wand of flame (9)
 x - a wand of quicksilver (8)
 B - a wand of digging (10)
 C - a wand of mindburst (11)
 G - a wand of polymorph (8)
Scrolls
 b - 3 scrolls of butterflies
 h - 2 scrolls of enchant armour
 k - 2 scrolls of teleportation
 q - 2 scrolls of amnesia
 z - 3 scrolls of magic mapping
Potions
 c - 2 potions of lignification
 d - 2 potions of attraction
 e - 5 potions of flight
 i - 3 potions of mutation
 m - a potion of cancellation
 r - 3 potions of resistance
 u - a potion of heal wounds
 v - a potion of curing
 w - 2 potions of brilliance
 E - a potion of ambrosia
 F - a potion of degeneration
 J - 2 potions of invisibility


   Skills:
 + Level 8.1 Fighting
 - Level 2.4 Dodging
 + Level 8.9 Shields
 * Level 13.0 Unarmed Combat
 + Level 1.8 Evocations


You had 10 spell levels left.
You didn't know any spells.
Your spell library contained the following spells:

 Spells                   Type           Power      Damage    Failure   Level
 Apportation              Tloc           0%         N/A       58%         1
 Foxfire                  Conj/Fire      0%         2x1d4     58%         1
 Necrotise                Necr           0%         1d4       58%         1
 Shock                    Conj/Air       0%         1d3       58%         1
 Summon Small Mammal      Summ           0%         N/A       58%         1
 Blink                    Tloc           0%         N/A       73%         2
 Static Discharge         Conj/Air       0%         3-3/arc   73%         2
 Conjure Flame            Conj/Fire      0%         6-21      91%         3
 Inner Flame              Hex/Fire       0%         N/A       91%         3
 Lesser Beckoning         Tloc           0%         N/A       91%         3
 Swiftness                Air            0%         N/A       91%         3
 Airstrike                Air            0%         2d(0-16)  100%        4
 Dispel Undead            Necr           0%         3d6       100%        4
 Flame Wave               Conj/Fire      0%         2d4       100%        4
 Sticky Flame             Conj/Fire      0%         2d3       100%        4
 Manifold Assault         Tloc           0%         N/A       100%        5
 Malign Gateway           Summ/Tloc      0%         N/A       100%        7
 Summon Horrible Things   Summ           0%         N/A       100%        8


Dungeon Overview and Level Annotations

Branches:
Dungeon (10/15)            Temple (1/1) D:6            Lair (2/5) D:8
 Shoals (0/4) Lair:2      Ossuary (visited)
  Snake: Lair:2-3    Spider: Lair:2-3       Orc: D:9-12

Altars:
Ashenzari
Cheibriados
Dithmenos
Elyvilon
Fedhas
Gozag
Hepliaklqana
Kikubaaqudgha
Makhleb
Nemelex Xobeh
Okawaru
Qazlal
Ru
Sif Muna
Trog
Uskayaw
Vehumet
Wu Jian
Xom
Yredelemnul
Zin
The Shining One

Shops:
D:5 [=   D:8 ?   D:9 [[=[

Annotations:
Lair:2 Nergalle


Innate Abilities, Weirdness & Mutations

You are too large for most types of armour.
You have claws for hands.
Your natural rate of healing is unusually fast.
You are covered in fur. (AC +1)
You have tough skin. (AC +1)


Message History

The barbed spikes become lodged in your body.
You claw Nergalle!
Nergalle is moderately wounded.
You feel very sick.
The spectral orc hits you but does no damage.
You block the spectral orc warrior's attack.
Nergalle hits you but does no damage.
The spectral orc warlord hits you with a +2 battleaxe!!
You feel drained.
You scratch Nergalle but do no damage.
Nergalle is moderately wounded.
You feel sick. Nergalle barely misses you.
The spectral orc warrior closely misses you.
The spectral orc hits you but does no damage.
The spectral orc warlord hits you with a +2 battleaxe!!
You block the manticore's attack. The manticore claws you.
The manticore barely misses you.
You completely miss Nergalle.
Nergalle is moderately wounded.
You feel sick.
Nergalle shouts, "Kill, kill, my pretties!"
Nergalle completely misses you. The spectral orc barely misses you.
The spectral orc warlord hits you with a +2 battleaxe!!
* * * LOW HITPOINT WARNING * * *
You feel drained.
* * * LOW HITPOINT WARNING * * *
The manticore bites you but does no damage.
The manticore barely misses you.
The manticore claws you but does no damage.
The spectral orc warrior hits you but does no damage.
Okay, then.
Okay, then.
As you read the scroll of fear, it crumbles to dust.
You assume a fearsome visage.
The spectral orc warrior is unaffected.
The manticore looks frightened!
The spectral orc warlord is unaffected.
The spectral orc is unaffected.
Nergalle looks frightened!
You feel sick.
Nergalle cries, "Oh dear!
Oh dear!"
You block the spectral orc warlord's attack.
The spectral orc warrior hits you from afar with a +0 trident of venom!
You die...

.#.....#.##P....P#..
#..
##....#####...P####
#.. ##...# ##....#
#... #...# #....P#
.#...# #...####.....##
#.....##.....##......#
##...#.#...#####...P##
#P.........P# #....###
#....o.@.Z..#
##...###.#
......HZZ...#
#P...####.
......##...##
##........
.....###...#
##........ ##...
#P...# #.......k. #..
##...#####...##.## #.
#.†.##P.#...##### #.
##.÷<.†..|....P#
#.............##


You could see Nergalle (fleeing), a manticore (fleeing), a spectral orc
(summoned), a spectral orc warrior (summoned) and a spectral orc warlord
(summoned).

Vanquished Creatures
  2 two-headed ogres
  An oklob plant (Lair:1)
  Maurice (D:8)
  3 cane toads (Lair:1)
  A gargoyle (D:10)
  2 unseen horror zombies (D:9)
  A kobold demonologist (D:9)
  4 komodo dragons
  A troll (D:8)
  Grinder (D:3)
  A wind drake (Lair:2)
  Sigmund (D:3)
  A basilisk (D:8)
  4 wyverns
  A steam dragon (D:7)
  Edmund (D:5)
  2 acid dragons
  2 water moccasins
  3 orc warriors
  A black bear (D:4)
  2 ogres
  2 centaurs
  6 wolves
  2 phantoms
  7 kobold brigands
  An elf zombie (Ossuary)
  9 bullfrogs
  A scorpion (D:4)
  6 wights
  6 killer bees
  2 howler monkeys
  8 centaur zombies
  A hound (D:4)
  9 orc priests
  2 human zombies (Ossuary)
  4 gnoll boudas
  3 iguanas
  Terence (D:3)
  12 orc wizards
  A killer bee zombie (D:9)
  3 mummies (Ossuary)
  19 gnolls
  10 adders
  A shadow imp (D:7)
  3 adder zombies (Ossuary)
  2 worms
  3 dart slugs
  39 orcs
  8 endoplasms
  2 giant cockroaches (D:2)
  15 goblins
  6 hobgoblins
  11 jackals
  4 kobolds
  3 quokkas
  8 ball pythons
  4 bats
  3 frilled lizards
  3 gnoll zombies (Ossuary)
  6 goblin zombies (Ossuary)
  4 hobgoblin zombies (Ossuary)
  3 jackal zombies (Ossuary)
  3 kobold zombies (Ossuary)
  2 orc zombies (Ossuary)
  2 quokka zombies (Ossuary)
  6 rats
  5 rat zombies (Ossuary)
297 creatures vanquished.

Vanquished Creatures (others)
  A fungus (Lair:2)
  5 plants (Lair:2)
6 creatures vanquished.

Grand Total: 303 creatures vanquished

Notes
Turn   | Place    | Note
-------+----------+-------------------------------------------
     0 | D:1      | groovy9 the Troll Fighter began the quest for the Orb.
     0 | D:1      | Reached XP level 1. HP: 22/22 MP: 0/0
    82 | D:1      | Reached XP level 2. HP: 29/29 MP: 1/1
  1298 | D:2      | Reached XP level 3. HP: 36/36 MP: 2/2
  1534 | D:2      | Reached skill level 3 in Unarmed Combat
  1768 | D:3      | Found a faded altar of an unknown god.
  1869 | D:3      | Reached XP level 4. HP: 44/44 MP: 3/3
  1901 | D:3      | Noticed Terence
  1917 | D:3      | Killed Terence
  2012 | D:3      | Found an opulent altar of Gozag.
  2082 | D:3      | Noticed Sigmund
  2093 | D:3      | Killed Sigmund
  2094 | D:3      | Reached skill level 4 in Unarmed Combat
  2094 | D:3      | Reached XP level 5. HP: 28/53 MP: 4/4
  2197 | D:3      | Reached XP level 6. HP: 58/61 MP: 5/5
  2446 | D:3      | Noticed Grinder
  2471 | D:3      | Paralysed by Grinder for 2 turns
  2473 | D:3      | Killed Grinder
  2474 | D:3      | Reached skill level 5 in Unarmed Combat
  2593 | D:4      | Reached XP level 7. HP: 63/68 MP: 6/6
  2656 | D:4      | Reached skill level 6 in Unarmed Combat
  2691 | D:4      | Found an ancient bone altar of Kikubaaqudgha.
  2867 | D:4      | Found a sand-covered staircase.
  2872 | Ossuary  | Entered an ossuary
  3061 | Ossuary  | Reached skill level 5 in Shields
  3061 | Ossuary  | Reached XP level 8. HP: 75/79 MP: 7/7
  3107 | Ossuary  | Reached skill level 7 in Unarmed Combat
  3237 | D:4      | Found a glowing golden altar of the Shining One.
  3390 | D:4      | Found a broken altar of Ashenzari.
  3390 | D:4      | You fall into a shaft and drop 2 floors!
  3419 | D:5      | Entered Level 5 of the Dungeon
  3558 | D:5      | Found Nilaubia's Armour Shoppe.
  3580 | D:5      | Noticed Edmund
  3602 | D:5      | Killed Edmund
  3719 | D:5      | Found Loleph's Jewellery Shoppe.
  3790 | D:5      | Reached skill level 5 in Fighting
  3803 | D:5      | Reached skill level 8 in Unarmed Combat
  4618 | D:5      | Identified a scroll of acquirement
  4618 | D:5      | Acquired the -2 kite shield of the Countless Cities {Will+
                  | Str+4 Int+2}
  5190 | D:6      | Found a staircase to the Ecumenical Temple.
  5233 | Temple   | Entered the Ecumenical Temple
  5254 | Temple   | Became a worshipper of the Wu Jian Council
  5445 | D:6      | Found a shimmering altar of Xom.
  5456 | D:6      | Reached XP level 9. HP: 77/88 MP: 8/8
  5501 | D:6      | Found a sacrificial altar of Ru.
  5544 | D:6      | Found a burning altar of Makhleb.
  5547 | D:6      | Found a glowing silver altar of Zin.
  5547 | D:6      | Noticed an angel
  5548 | D:6      | Noticed a balrug
  6167 | D:7      | Reached skill level 9 in Unarmed Combat
  6953 | D:7      | Reached skill level 10 in Unarmed Combat
  6977 | D:7      | Found a blossoming altar of Fedhas.
  7211 | D:8      | Reached * piety under Wu Jian
  7278 | D:8      | Found Zinyfazi's Magic Scroll Emporium.
  7326 | D:8      | Found a sparkling altar of Nemelex Xobeh.
  7326 | D:8      | Found a hide-covered altar of Uskayaw.
  7327 | D:8      | Found a shimmering blue altar of Sif Muna.
  7329 | D:8      | Found a radiant altar of Vehumet.
  7337 | D:8      | Noticed a two-headed ogre
  7344 | D:8      | Killed a two-headed ogre
  7345 | D:8      | Reached XP level 10. HP: 60/100 MP: 9/9
  7835 | D:8      | Noticed Maurice
  7841 | D:8      | Killed Maurice
  7842 | D:8      | Reached skill level 11 in Unarmed Combat
  8104 | D:8      | Reached ** piety under Wu Jian
  8240 | D:8      | Found a staircase to the Lair.
  8686 | D:9      | Reached skill level 12 in Unarmed Combat
  8692 | D:9      | Found Fomuzis's Antique Armour Emporium.
  8704 | D:9      | Found Oceoblix's Armour Shop.
  8780 | D:9      | Reached XP level 11. HP: 91/109 MP: 10/10
  8809 | D:9      | Found Pekusiw's Jewellery Shop.
  9013 | D:9      | Found Roqoer's Antique Armour Boutique.
  9025 | D:9      | Noticed a two-headed ogre
  9033 | D:9      | Killed a two-headed ogre
  9033 | D:9      | Reached *** piety under Wu Jian
  9103 | D:9      | Found a basalt altar of Yredelemnul.
  9411 | D:10     | Entered Level 10 of the Dungeon
  9530 | D:10     | Found a stormy altar of Qazlal.
  9742 | D:10     | Identified the ring of Xieptusi {+Blink rC+ AC+4 Dex-2}
 10103 | D:10     | Found an iron altar of Okawaru.
 10271 | Lair:1   | Entered Level 1 of the Lair of Beasts
 10491 | Lair:1   | Reached skill level 1 in Evocations
 10574 | Lair:1   | Noticed an oklob plant
 10763 | Lair:1   | Found a radiant altar of Vehumet.
 11284 | Lair:1   | Killed an oklob plant
 11374 | Lair:2   | Reached skill level 13 in Unarmed Combat
 11425 | Lair:2   | Found a staircase to the Shoals.
 11568 | Lair:2   | Noticed Nergalle
 11572 | Lair:2   | Noticed a spectral orc warlord
 11579 | Lair:2   | Slain by a spectral orc warrior

Illustrated notes

Levels and vault maps discovered:
D:1:      beargit_arrival_greenhouse, layout_loops_corners,
          chequers_decorated_corner, nicolae_eternal_life, st_stairs_3,
          minmay_bisected
D:2:      layout_loops_ring, minmay_fractal_squares_gapless_5
D:3:      layout_loops_ring, grunt_gozag_statues, basic_ecumenical_altar,
          minmay_unequal, uniq_terence, uniq_grinder, uniq_sigmund
D:4:      layout_basic, kennysheep_little_box,
          mainiacjoe_overflow_cross_hatched, lemuel_round_altar,
          nicolae_ossuary_entry_false_entrances, minmay_divided_ellipse
D:5:      layout_layer_cave, serial_shops, nicolae_take_the_stairs,
          nicolae_inconvenience_store, uniq_edmund
D:6:      layout_basic, grunt_temple_overflow_order_and_chaos_2,
          nicolae_ru_path_of_blood, mainiacjoe_overflow_alcove_4,
          minmay_temple_entry_glass
D:7:      layout_basic, lemuel_tele_altar
D:8:      layout_loops_ring, chequers_temple_overflow_statue_of_worship,
          erik_lair_dragon, serial_shops, shop, kennysheep_nub, uniq_maurice
D:9:      layout_basic, nicolae_yredelemnul_corpse_copse, serial_corexii_hall,
          corexii_hall_statues_deadend, corexii_hall_statues_x,
          corexii_hall_statues_l, serial_shops, kennysheep_mini_moat,
          nicolae_shop_crystal, nicolae_shop_overgrown_old_shop, shop
D:10:     layout_long_grid, grunt_qazlal_sundering, marbit_many_paths
Temple:   hellmonk_temple_two_chambers
Lair:1:   layout_hall_layers, basic_altar, grunt_megastairs_3
Lair:2:   layout_long_grid, minmay_shoals_entry_beasts,
          nicolae_spider_entry_non_spiders, serial_bayou_ford_a, uniq_nergalle

Skill      XL: |  1  2  3  4  5  6  7  8  9 10 11 |
---------------+----------------------------------+-----
Shields        | 3 4 5 6 7 8 |  8.9
Unarmed Combat | 3 4 5 6 8 10 12 13 | 13.0
Fighting       | 3 4 5 6 7 8 |  8.1
Evocations     | 1 |  1.8
Dodging        | |  2.4

Action                   |  1- 3 |  4- 6 |  7- 9 | 10-12 || total
-------------------------+-------+-------+-------+-------++-------
Melee: Unarmed           |    93 |    81 |   399 |   267 ||   840
Throw: Javelin           |       |       |     2 |       ||     2
       Dart              |       |       |       |     2 ||     2
       Boomerang         |       |       |       |     4 ||     4
Invok: Lunge             |       |       |    15 |    43 ||    58
       Whirlwind         |       |       |       |     1 ||     1
  Use: Scroll            |     7 |       |    12 |     8 ||    27
       Potion            |     3 |       |     4 |       ||     7
 Stab: Sleeping          |     1 |       |     2 |       ||     3
       Distracted        |       |       |     1 |       ||     1
Armor: Robe              |    24 |     9 |    59 |       ||    92
       Steam dragon scal |       |       |    11 |    60 ||    71
Dodge: Dodged            |    33 |    17 |   122 |    81 ||   253
Block: Kite shield       |    35 |    22 |   153 |    67 ||   277
